[Event "Titled Tuesday Blitz June 6 Late 2023"]
[White "Herman, Daniel"]
[Black "Aldokhin, Ivan"]
[WhiteFideId "30935008"]
[BlackFideId "24115720"]
[WhiteElo "1897"]
[BlackElo "2322"]
[Result "0-1"]
[Round "5"]
[TimeControl "180+2"]
[Date "2023.06.07"]
[WhiteClock "0:00:01"]
[BlackClock "0:01:15"]
[Board "79"]

1. d4 Nf6 2. c4 g6 3. Nc3 Bg7 4. e4 d6 5. h3 O-O 6. Nf3 Nc6 7. d5 Nb4 8. a3 Na6 9. Bd3 Re8 10. O-O e6 11. Bg5 h6 12. Bh4 g5 13. Bg3 exd5 14. exd5 Nc5 15. Bc2 Nfe4 16. Nxe4 Nxe4 17. Nd4 Bd7 18. Bh2 Qf6 19. Nb5 Bxb5 20. cxb5 Qxb2 21. Rc1 Nc3 22. Qd2 Ne2+ 23. Kh1 Nxc1 24. Rxc1 Re2 25. Qxe2 Qxc1+ 26. Bg1 Kf8 27. Kh2 Re8 28. Qd1 Re1 29. Qxc1 Rxc1 30. Bf5 Bd4 31. g3 Rc5 32. Bc8 Rxb5 33. Kg2 Rb1 34. h4 a5 35. a4 b5 36. axb5 a4 37. Bh2 a3 38. hxg5 hxg5 39. b6 cxb6 40. g4 Ke7 41. f4 a2 42. f5 a1=Q 43. Kh3 Rh1 0-1


[Site "https://www.chess.com"]

[Event "Titled Tuesday Blitz June 6 Late 2023"]
[White "Shohat, Yotam"]
[Black "Kashtanov, Ruslan"]
[WhiteFideId "2813955"]
[BlackFideId "4124871"]
[WhiteElo "2226"]
[BlackElo "2263"]
[Result "1/2-1/2"]
[Round "5"]
[TimeControl "180+2"]
[Date "2023.06.07"]
[WhiteClock "0:00:26"]
[BlackClock "0:00:19"]
[Board "80"]

1. e4 c5 2. Nf3 d6 3. d4 cxd4 4. Qxd4 Nc6 5. Bb5 Bd7 6. Bxc6 Bxc6 7. Nc3 Nf6 8. Bg5 e6 9. O-O-O Be7 10. Bxf6 Bxf6 11. Qxd6 Qxd6 12. Rxd6 Bxc3 13. bxc3 Bxe4 14. Ne5 Bxg2 15. Rg1 Be4 16. Rxg7 Ke7 17. Rd7+ Kf6 18. Rgxf7+ Kg5 19. Rd4 Bf5 20. h4+ Kh5 21. Rxb7 Rhc8 22. Kd2 Rc5 23. Nd3 Ra5 24. Nf4+ Kh6 25. Rd6 Rxa2 26. Nxe6 Bxc2 27. Nf4+ Bg6+ 28. Ke3 Re8+ 29. Kf3 Rf8 30. h5 Ra4 31. Rb4 Rxb4 32. cxb4 Kg5 33. hxg6 Rxf4+ 34. Ke3 Rxb4 35. gxh7 Rh4 36. Rd7 a5 37. Ra7 a4 38. f4+ Kg6 39. Rxa4 Rxh7 40. Ra6+ Kf5 41. Ra5+ Kf6 42. Ke4 Re7+ 43. Kf3 Rb7 44. Ra6+ Kf5 45. Ra5+ Kf6 46. Ke4 Rb4+ 47. Kf3 Rb1 48. Ra6+ Kf5 49. Ra5+ Kf6 50. Ra3 Rf1+ 51. Ke4 Re1+ 52. Re3 Rxe3+ 53. Kxe3 Kf5 54. Kf3 Kf6 55. Ke4 Ke6 56. f5+ Kf6 57. Kf4 Kf7 58. Kg5 Kg7 59. f6+ Kf7 60. Kf5 Kf8 61. Ke6 Ke8 62. Ke5 Kf7 63. Kf5 Kf8 64. Kf4 Kf7 65. Kg5 Kf8 66. Kg4 Kf7 67. Kf5 1/2-1/2


[Site "https://www.chess.com"]

[Event "Titled Tuesday Blitz June 6 Late 2023"]
[White "Fiorito, Francisco"]
[Black "Balla, Tamas-Kristof"]
[WhiteFideId "180165"]
[BlackFideId "1208497"]
[WhiteElo "2319"]
[BlackElo "2334"]
[Result "1/2-1/2"]
[Round "5"]
[TimeControl "180+2"]
[Date "2023.06.07"]
[WhiteClock "0:00:06"]
[BlackClock "0:00:10"]
[Board "81"]

1. e4 c5 2. Nf3 Nc6 3. Bb5 Nf6 4. e5 Nd5 5. c3 g6 6. O-O Bg7 7. Re1 O-O 8. d4 cxd4 9. cxd4 d6 10. a3 Bg4 11. Bxc6 bxc6 12. h3 Bxf3 13. Qxf3 dxe5 14. dxe5 Rb8 15. Nc3 Nxc3 16. Qxc3 Qd5 17. Bg5 Rb3 18. Qc2 Rfb8 19. Rad1 Qe6 20. Qd2 h6 21. Bxh6 Bxh6 22. Qxh6 Rxb2 23. Rd4 Qf5 24. Rf4 Qc2 25. e6 f6 26. Re3 g5 27. Rff3 Qh7 28. Qxh7+ Kxh7 29. Rc3 R8b6 30. Rfd3 c5 31. Rxc5 Rxe6 32. Re3 Rxe3 33. fxe3 Rb3 34. Ra5 Rxe3 35. Rxa7 Kg6 36. a4 Ra3 37. a5 e5 38. a6 e4 39. Ra8 Kg7 40. Kh2 f5 41. Ra7+ Kg8 42. Ra8+ Kg7 43. Kg1 f4 44. Kf2 Ra2+ 45. Kf1 f3 46. gxf3 exf3 47. a7 Kh7 48. Kg1 Kg7 49. Kh1 Kh7 50. Kg1 1/2-1/2


[Site "https://www.chess.com"]

[Event "Titled Tuesday Blitz June 6 Late 2023"]
[White "Kozelov, Roman"]
[Black "Mortazavi, Ali"]
[WhiteFideId "14133377"]
[BlackFideId "401323"]
[WhiteElo "2149"]
[BlackElo "2339"]
[Result "0-1"]
[Round "5"]
[TimeControl "180+2"]
[Date "2023.06.07"]
[WhiteClock "0:00:14"]
[BlackClock "0:00:07"]
[Board "83"]

1. e4 c6 2. d4 d5 3. e5 Bf5 4. Bd3 Bxd3 5. Qxd3 e6 6. Ne2 Qa5+ 7. c3 Qa6 8. Qf3 Nd7 9. O-O Ne7 10. b4 Nf5 11. a4 Qb6 12. Ng3 g6 13. Nd2 a5 14. Nxf5 gxf5 15. bxa5 Qxa5 16. Bb2 Nb6 17. Rfb1 Qa6 18. a5 Nc4 19. Nf1 Be7 20. Bc1 O-O-O 21. Ne3 Rhg8 22. Nxc4 Qxc4 23. a6 b5 24. Ba3 c5 25. a7 Kd7 26. Bxc5 Bxc5 27. dxc5 Ra8 28. Ra5 Rg4 29. g3 Re4 30. Kg2 Kc6 31. Qh5 Re2 32. Qxf7 Qe4+ 33. Kg1 Qxb1+ 34. Kg2 Qe4+ 35. Kg1 Re1# 0-1


[Site "https://www.chess.com"]

[Event "Titled Tuesday Blitz June 6 Late 2023"]
[White "MrAnnihilation"]
[Black "Streltsov, Alexey"]
[BlackFideId "24104434"]
[WhiteElo "2410"]
[BlackElo "2562"]
[Result "0-1"]
[Round "5"]
[TimeControl "180+2"]
[Date "2023.06.07"]
[WhiteClock "0:00:02"]
[BlackClock "0:00:36"]
[Board "84"]

1. e4 c5 2. Nf3 d6 3. Bc4 a6 4. Bb3 e6 5. O-O Nf6 6. Re1 Nbd7 7. c3 b5 8. d4 c4 9. Bc2 Bb7 10. Nbd2 g6 11. e5 dxe5 12. dxe5 Nd5 13. Ne4 Qc7 14. Bg5 h6 15. Bh4 Nc5 16. Qxd5 exd5 17. Nf6+ Kd8 18. Nxd5+ Kc8 19. Nxc7 Kxc7 20. Bf6 Rg8 21. Nd4 Re8 22. f4 Be7 23. Bxe7 Rxe7 24. a4 Kb6 25. axb5 axb5 26. Kf2 Rd8 27. g3 Rde8 28. b4 cxb3 29. Bxb3 Nxb3 30. Nxb3 Rc7 31. Re3 Rec8 32. e6 Bd5 33. Nd4 Rxc3 34. Rxc3 Rxc3 35. e7 Rc8 36. Re1 Re8 37. g4 Kc5 38. Nc2 Kd6 39. f5 Rxe7 40. g5 Rxe1 41. Nxe1 hxg5 42. fxg6 fxg6 0-1


[Site "https://www.chess.com"]

[Event "Titled Tuesday Blitz June 6 Late 2023"]
[White "Moral Garcia, Serafin"]
[Black "Lalanne, Pablo"]
[WhiteFideId "2201925"]
[BlackFideId "112151"]
[WhiteElo "2274"]
[BlackElo "2120"]
[Result "1/2-1/2"]
[Round "5"]
[TimeControl "180+2"]
[Date "2023.06.07"]
[WhiteClock "0:00:12"]
[BlackClock "0:00:09"]
[Board "85"]

1. c4 Nf6 2. Nc3 e6 3. Nf3 d5 4. e3 c5 5. d4 Nc6 6. cxd5 exd5 7. b3 Be7 8. Bb2 O-O 9. Be2 b6 10. O-O Bb7 11. Rc1 Rc8 12. dxc5 bxc5 13. Na4 Ne4 14. Ba3 Nb4 15. Bxb4 cxb4 16. Qd4 Qa5 17. Qd3 Bf6 18. Nd4 g6 19. Qb5 Qxb5 20. Bxb5 Nc3 21. Nxc3 bxc3 22. Rfd1 Rc5 23. Be2 Rfc8 24. b4 R5c7 25. Nb5 Re7 26. Bf3 a6 27. Nd6 Rd8 28. Nxb7 Rxb7 29. a3 Rbd7 30. Kf1 Kg7 31. Ke2 d4 32. Rd3 dxe3 33. Rxd7 Rxd7 34. Kxe3 Re7+ 35. Kd3 Rd7+ 36. Ke2 Rd2+ 37. Ke1 Ra2 38. Bd1 Rxa3 39. Bc2 Ra2 40. Kd1 Rb2 41. Rb1 Be7 42. Kc1 Rxb4 43. Rxb4 Bxb4 44. Bd3 a5 45. Kc2 Kf6 46. Kb3 Ke5 47. Bc4 f5 48. Kc2 g5 49. Bg8 h5 50. Bh7 h4 51. h3 g4 52. Bg6 Kf4 53. Bh7 Bc5 54. f3 gxf3 55. gxf3 Kxf3 56. Bxf5 Bb4 57. Kb3 Kg3 58. Kc2 Kf4 59. Bd7 Ke3 60. Bc6 Ke2 61. Bd7 Ke3 62. Bc6 Ke2 63. Bd7 Ke3 1/2-1/2


[Site "https://www.chess.com"]

[Event "Titled Tuesday Blitz June 6 Late 2023"]
[White "Ai, Evan"]
[Black "ArtemDyachuk"]
[WhiteFideId "2094770"]
[WhiteElo "1963"]
[BlackElo "2558"]
[Result "0-1"]
[Round "5"]
[TimeControl "180+2"]
[Date "2023.06.07"]
[WhiteClock "0:00:19"]
[BlackClock "0:00:03"]
[Board "86"]

1. e4 c6 2. d4 d5 3. Nc3 dxe4 4. Nxe4 Nf6 5. Nxf6+ exf6 6. c3 Bd6 7. Bd3 Na6 8. Ne2 Nc7 9. O-O O-O 10. Bf4 Re8 11. Qd2 Bg4 12. f3 Bh5 13. Bxd6 Qxd6 14. Qf4 Qd7 15. Ng3 Bg6 16. Bxg6 hxg6 17. Ne4 Nd5 18. Qd6 Qf5 19. Rae1 Qf4 20. Qxf4 Nxf4 21. Nd6 Red8 22. Nxb7 Rdb8 23. Re7 Kf8 24. Rfe1 Nd3 25. R1e3 Nxb2 26. Nd6 Kg8 27. Rxf7 Nc4 28. Rd7 Nxe3 29. Nb7 Nd5 30. c4 Nb6 31. Rc7 Rc8 32. Re7 Re8 33. Rc7 Rac8 34. Rxc8 Nxc8 35. Na5 Nd6 36. c5 Nb5 37. Nxc6 Kf7 38. d5 Re1+ 39. Kf2 Rd1 40. d6 Rd5 41. Nd8+ Ke8 42. Ne6 Kd7 43. Nf8+ Kc6 44. Ne6 Re5 45. Nd8+ Kd7 46. Nf7 Re6 47. c6+ Kxc6 48. Nd8+ Kxd6 49. Nxe6 Kxe6 50. Ke3 a5 51. Kd3 Kd5 52. g3 Nc7 53. h4 Na6 54. Kc3 Nb4 55. a3 Nc6 56. Kd3 Nd4 57. f4 Nf5 58. g4 Nxh4 59. g5 fxg5 60. fxg5 Nf3 61. Ke3 Nxg5 62. Kf4 Ne6+ 0-1


[Site "https://www.chess.com"]

[Event "Titled Tuesday Blitz June 6 Late 2023"]
[White "Riff, Jean-Noel"]
[Black "Smiechu"]
[WhiteFideId "611190"]
[WhiteElo "2479"]
[BlackElo "2389"]
[Result "1-0"]
[Round "5"]
[TimeControl "180+2"]
[Date "2023.06.07"]
[WhiteClock "0:01:44"]
[BlackClock "0:01:13"]
[Board "87"]

1. e4 c5 2. Nf3 g6 3. c3 Bg7 4. d4 cxd4 5. cxd4 d5 6. e5 Nh6 7. Bb5+ Bd7 8. Bxd7+ Qxd7 9. O-O O-O 10. Nc3 Nc6 11. Bg5 e6 12. Qd2 Nf5 13. h3 Rac8 14. Rac1 f6 15. exf6 Bxf6 16. Bxf6 Rxf6 17. Rfe1 Nd6 18. Re2 Rcf8 19. Rce1 Rxf3 20. gxf3 Rxf3 21. Rxe6 Rxh3 22. Nxd5 Qf7 23. Nf6+ Kg7 24. Rxd6 Rf3 25. Rd7 1-0


[Site "https://www.chess.com"]

[Event "Titled Tuesday Blitz June 6 Late 2023"]
[White "Romero Ruscalleda, Josep"]
[Black "Roberson, Peter T"]
[WhiteFideId "2231859"]
[BlackFideId "412384"]
[WhiteElo "2183"]
[BlackElo "2346"]
[Result "0-1"]
[Round "5"]
[TimeControl "180+2"]
[Date "2023.06.07"]
[WhiteClock "0:00:13"]
[BlackClock "0:00:19"]
[Board "88"]

1. e4 e5 2. Nf3 Nc6 3. Bc4 Bc5 4. c3 Nf6 5. d4 exd4 6. b4 Bb6 7. b5 Na5 8. Bd3 d5 9. e5 Ne4 10. cxd4 O-O 11. O-O f5 12. Ba3 Re8 13. Nbd2 Be6 14. Rc1 Rc8 15. Nb3 Nc4 16. Bc5 c6 17. bxc6 bxc6 18. Bxb6 axb6 19. Nbd2 Ncxd2 20. Nxd2 c5 21. Bb5 Rf8 22. f3 Nxd2 23. Qxd2 c4 24. a4 Qe7 25. Rc3 Qb4 26. Rf2 f4 27. Qb2 Qe7 28. Qa3 Qxa3 29. Rxa3 Rc7 30. Rc2 Bf5 31. Rcc3 Kf7 32. a5 bxa5 33. Rxa5 Rb8 34. g4 Bd3 35. Kf2 Rcb7 36. Rxd3 cxd3 37. Bxd3 Rb2+ 38. Be2 Rc2 39. Ra7+ Kf8 40. e6 Rbb2 41. Rf7+ Ke8 42. Rxg7 Rxe2+ 43. Kf1 Rec2 0-1


[Site "https://www.chess.com"]

[Event "Titled Tuesday Blitz June 6 Late 2023"]
[White "Ozates, Tuna"]
[Black "Campos, Maria Jose"]
[WhiteFideId "6354521"]
[BlackFideId "146803"]
[WhiteElo "2151"]
[BlackElo "2170"]
[Result "1-0"]
[Round "5"]
[TimeControl "180+2"]
[Date "2023.06.07"]
[WhiteClock "0:00:25"]
[BlackClock "0:00:35"]
[Board "89"]

1. e4 e5 2. Nf3 Nc6 3. Bb5 a6 4. Ba4 d6 5. c3 Bd7 6. O-O g6 7. d4 Bg7 8. d5 Nb8 9. c4 Ne7 10. Nc3 O-O 11. Ne1 f5 12. f3 c5 13. dxc6 Bxc6 14. Bb3 Kh8 15. Bg5 Bf6 16. Bxf6+ Rxf6 17. c5 Qd7 18. cxd6 Rxd6 19. Qc1 f4 20. Nc2 a5 21. a4 Na6 22. Na3 Rc8 23. Nc4 Rd3 24. Kh1 Qd4 25. Ne2 Qc5 26. Ra3 Nb4 27. Nxf4 exf4 28. Qxf4 Ng8 29. Ne5 Rf8 30. Nxd3 Nxd3 31. Qd2 Nf6 32. Qxd3 1-0


[Site "https://www.chess.com"]

[Event "Titled Tuesday Blitz June 6 Late 2023"]
[White "WindWhistler11"]
[Black "Gerbelli Neto, Eduardo"]
[BlackFideId "2103281"]
[WhiteElo "2538"]
[BlackElo "2178"]
[Result "1-0"]
[Round "5"]
[TimeControl "180+2"]
[Date "2023.06.07"]
[WhiteClock "0:00:26"]
[BlackClock "0:00:11"]
[Board "90"]

1. Nf3 Nf6 2. g3 g6 3. Bg2 Bg7 4. O-O d5 5. c4 c6 6. Qc2 Bf5 7. d3 O-O 8. Nbd2 dxc4 9. Nxc4 Nbd7 10. e4 Be6 11. Ne3 h6 12. Nd4 Ne5 13. Nxe6 fxe6 14. Rd1 Qd4 15. Qb3 Rf7 16. Qxe6 Rd8 17. Qb3 Nfg4 18. Rf1 b5 19. h3 Nxe3 20. Bxe3 Qxd3 21. Rac1 Qxb3 22. axb3 Nd3 23. Rxc6 Nxb2 24. Rxg6 a5 25. Rb6 b4 26. Ra6 Rd3 27. e5 Kh7 28. Be4+ 1-0


[Site "https://www.chess.com"]

[Event "Titled Tuesday Blitz June 6 Late 2023"]
[White "Mieles Palau, Daniel"]
[Black "Weisz, Bryan"]
[WhiteFideId "3600467"]
[BlackFideId "30934133"]
[WhiteElo "2344"]
[BlackElo "2321"]
[Result "0-1"]
[Round "5"]
[TimeControl "180+2"]
[Date "2023.06.07"]
[WhiteClock "0:00:01"]
[BlackClock "0:01:13"]
[Board "91"]

1. b3 e5 2. Bb2 Nc6 3. e3 Nf6 4. Bb5 Qe7 5. Ne2 g6 6. d4 exd4 7. Nxd4 Nxd4 8. Bxd4 Bg7 9. O-O O-O 10. Nd2 d5 11. h3 c5 12. Bb2 c4 13. bxc4 a6 14. Ba4 dxc4 15. Nxc4 b5 16. Nb6 bxa4 17. Nxa8 Qb7 18. Ba3 Re8 19. Qf3 Ne4 20. Rad1 Qxa8 21. Rd3 Bb7 22. Qf4 Be5 23. Qg4 Nf6 24. Qc4 Bxg2 25. Rb1 Bxh3 0-1


[Site "https://www.chess.com"]

[Event "Titled Tuesday Blitz June 6 Late 2023"]
[White "Machidon, Cristi"]
[Black "Rodriguez Santiago, Jaime"]
[WhiteFideId "13904590"]
[BlackFideId "3100898"]
[WhiteElo "2355"]
[BlackElo "2025"]
[Result "1-0"]
[Round "5"]
[TimeControl "180+2"]
[Date "2023.06.07"]
[WhiteClock "0:00:17"]
[BlackClock "0:00:14"]
[Board "92"]

1. e4 c6 2. d3 d5 3. Nf3 dxe4 4. dxe4 Qxd1+ 5. Kxd1 Bg4 6. Be2 Nd7 7. Nfd2 Bxe2+ 8. Kxe2 Ngf6 9. f3 e6 10. a4 Be7 11. Nc4 O-O 12. Be3 h6 13. Nbd2 Rfd8 14. Na5 Rdb8 15. Ndb3 Bf8 16. Rhd1 c5 17. Rd2 b6 18. Nc4 Rc8 19. Rad1 Nb8 20. a5 b5 21. Ne5 c4 22. Nd4 a6 23. c3 Ne8 24. Nc2 Nf6 25. Rd8 Rxd8 26. Rxd8 g6 27. Bc5 Nh7 28. Nc6 Nxc6 29. Rxa8 Nxa5 30. Bxf8 Nxf8 31. Rxa6 Nb3 32. Nd4 Nc1+ 33. Kd2 Nd3 34. b3 Nf2 35. bxc4 bxc4 36. Rc6 Kg7 37. Rxc4 Nd7 38. Ra4 Ne5 39. Ke2 Nh1 40. f4 Ng4 41. Nf3 Ngf2 42. Ra1 h5 43. Ke3 h4 44. h3 f6 45. Nxh4 Kh6 46. Nf3 g5 47. fxg5+ Kg6 48. c4 e5 49. c5 f5 50. Nxe5+ Kxg5 51. Nf3+ Kf6 52. e5+ Ke6 53. c6 f4+ 54. Kd4 Nd3 55. Kxd3 Nf2+ 56. Kd4 Ne4 57. Kxe4 1-0


[Site "https://www.chess.com"]

[Event "Titled Tuesday Blitz June 6 Late 2023"]
[White "MunichMouse"]
[Black "Perske, Thore"]
[BlackFideId "12902195"]
[WhiteElo "2314"]
[BlackElo "2336"]
[Result "1-0"]
[Round "5"]
[TimeControl "180+2"]
[Date "2023.06.07"]
[WhiteClock "0:01:30"]
[BlackClock "0:01:31"]
[Board "93"]

1. d4 d5 2. c4 e5 3. dxe5 d4 4. Nf3 Nc6 5. a3 Be6 6. Qa4 Ne7 7. e3 dxe3 8. Bxe3 Ng6 9. Nc3 Qd7 10. Rd1 Qc8 11. h4 h5 12. Bd3 Bf5 13. Bxf5 Qxf5 14. Nd4 Qd7 15. Ndb5 Qc8 16. Nd5 1-0


[Site "https://www.chess.com"]

[Event "Titled Tuesday Blitz June 6 Late 2023"]
[White "Kejzar, Petra"]
[Black "Vovk, Orest"]
[WhiteFideId "14610213"]
[BlackFideId "14113490"]
[WhiteElo "2089"]
[BlackElo "2215"]
[Result "0-1"]
[Round "5"]
[TimeControl "180+2"]
[Date "2023.06.07"]
[WhiteClock "0:00:48"]
[BlackClock "0:00:06"]
[Board "94"]

1. e4 g5 2. d3 h6 3. Nc3 Bg7 4. Be3 Bxc3+ 5. bxc3 d5 6. f3 Nc6 7. Rb1 Nf6 8. Ne2 e5 9. Bc1 dxe4 10. fxe4 Nh5 11. Ng3 Nxg3 12. hxg3 Qd6 13. Be2 b6 14. Bxg5 Qg6 15. Bh4 Be6 16. Rf1 Kd7 17. Rf6 Qg7 18. Kd2 Rae8 19. Qg1 Kc8 20. Rbf1 Kb7 21. Qe3 Qf8 22. Bh5 Qa3 23. Bxf7 Bxf7 24. Rxf7 Qxa2 25. Rg7 Na5 26. Rff7 Nb3+ 27. Ke1 Qb1+ 28. Kf2 Qxc2+ 29. Kg1 Rc8 30. Kh2 Qxc3 31. Bf6 Rhe8 32. Qf3 a5 33. Qf5 a4 34. Qd7 Qc6 35. Qg4 a3 36. Qd1 a2 37. Bxe5 Rxe5 38. Qxb3 a1=Q 39. g4 Rb5 40. Qc4 Qxc4 41. dxc4 Rc5 42. Kh3 Qc3+ 43. Rf3 Qxc4 44. Kh4 Re5 45. Rg6 Rxe4 46. Rxh6 Rxg4+ 47. Kh3 Rg5 48. Rh4 Qe6+ 49. Kh2 Qg6 50. Rhh3 Rxg2+ 51. Kh1 Rg1+ 52. Kh2 Qg2# 0-1


[Site "https://www.chess.com"]

[Event "Titled Tuesday Blitz June 6 Late 2023"]
[White "D`Arruda, Ricardo D."]
[Black "Simonovic, Miroslav"]
[WhiteFideId "100692"]
[BlackFideId "919152"]
[WhiteElo "2531"]
[BlackElo "2075"]
[Result "1-0"]
[Round "5"]
[TimeControl "180+2"]
[Date "2023.06.07"]
[WhiteClock "0:01:37"]
[BlackClock "0:00:35"]
[Board "95"]

1. d4 Nf6 2. Nf3 c5 3. d5 b5 4. c4 bxc4 5. Nc3 d6 6. e4 Nbd7 7. Bxc4 g6 8. O-O Bg7 9. Re1 Ng4 10. Bf4 O-O 11. Qd2 Nge5 12. Nxe5 Nxe5 13. Bf1 Rb8 14. Rab1 Qa5 15. Bh6 Ba6 16. Bxg7 Kxg7 17. Bxa6 Qxa6 18. b3 Qd3 19. Red1 Qxd2 20. Rxd2 Rb7 21. f4 Nd7 22. Re1 Rfb8 23. e5 Nf8 24. Ne4 Rb4 25. exd6 exd6 26. Nxd6 Rxf4 27. Re7 Rd8 28. Nc4 Rd4 29. Rxd4 cxd4 30. d6 d3 31. Kf2 Kf6 32. Rxa7 Nd7 33. Ke3 Nc5 34. b4 d2 35. Kxd2 Ne4+ 36. Kc2 Nxd6 37. Ra6 Ke7 38. Nxd6 Rxd6 39. Rxd6 Kxd6 40. a4 f5 41. a5 Kd5 42. a6 Kc6 43. b5+ Kb6 44. Kd3 g5 45. Kd4 f4 46. Ke4 h6 47. Kf5 Ka7 48. h3 Kb6 49. Kg6 f3 50. gxf3 Kxb5 51. a7 Ka6 52. a8=Q+ Kb6 53. Qe4 1-0


[Site "https://www.chess.com"]

[Event "Titled Tuesday Blitz June 6 Late 2023"]
[White "Wang, Alexander J"]
[Black "Janaszak, Dawid"]
[WhiteFideId "30955270"]
[BlackFideId "1119206"]
[WhiteElo "2271"]
[BlackElo "2220"]
[Result "0-1"]
[Round "5"]
[TimeControl "180+2"]
[Date "2023.06.07"]
[WhiteClock "0:02:34"]
[BlackClock "0:02:24"]
[Board "96"]

1. e4 c5 2. Nf3 Nc6 3. d4 cxd4 4. Nxd4 g6 5. Nc3 Bg7 6. Be3 Nf6 7. Bc4 O-O 8. Bb3 Re8 9. f3 e6 10. Qd2 d5 11. O-O-O dxe4 12. Nxc6 Qxd2+ 13. Rxd2 bxc6 14. fxe4 Ng4 15. Bd4 Bh6 0-1


[Site "https://www.chess.com"]

[Event "Titled Tuesday Blitz June 6 Late 2023"]
[White "Liu, Casper"]
[Black "Matthew_Clarke"]
[WhiteFideId "1454153"]
[WhiteElo "2221"]
[BlackElo "2268"]
[Result "1/2-1/2"]
[Round "5"]
[TimeControl "180+2"]
[Date "2023.06.07"]
[WhiteClock "0:01:16"]
[BlackClock "0:00:07"]
[Board "97"]

1. e4 c5 2. Nf3 d6 3. c3 Nf6 4. Bd3 Nc6 5. Bc2 Bg4 6. h3 Bh5 7. d4 cxd4 8. cxd4 Bxf3 9. gxf3 e5 10. Ba4 exd4 11. Qxd4 Be7 12. Rg1 Qd7 13. Bxc6 Qxc6 14. Nc3 Qc5 15. Qxc5 dxc5 16. Rxg7 O-O-O 17. Rxf7 Kd7 18. Rg7 Rhg8 19. Rxg8 Rxg8 20. Ke2 Rg1 21. b3 Nh5 22. Bb2 Nf4+ 23. Kd2 Rg2 24. Ke1 Nxh3 25. Rd1+ Kc6 26. Nd5 Bg5 27. f4 Nxf4 28. Kf1 Rh2 29. Nxf4 Bxf4 30. e5 Rh1+ 31. Ke2 Rxd1 32. Kxd1 Kd5 33. e6 Kxe6 34. Ke2 Be5 35. Bc1 h5 36. Kf3 Kf5 37. Bh6 h4 38. Bf8 b6 39. Be7 a6 40. Bxh4 b5 41. Be7 c4 42. bxc4 bxc4 43. Ke3 Bb2 44. Bc5 c3 45. Kd3 Kf4 46. Bd4 Kf3 47. Bxc3 Bxc3 48. Kxc3 Kxf2 49. Kb4 Ke3 50. Ka5 Kd4 51. Kxa6 Kc5 52. a4 Kc6 53. a5 Kc7 54. Ka7 Kc8 55. a6 Kc7 56. Ka8 Kc8 57. a7 Kc7 1/2-1/2


[Site "https://www.chess.com"]

[Event "Titled Tuesday Blitz June 6 Late 2023"]
[White "Garmendiarov"]
[Black "Jaivardhan Raj"]
[BlackFideId "25744437"]
[WhiteElo "2522"]
[BlackElo "1772"]
[Result "1-0"]
[Round "5"]
[TimeControl "180+2"]
[Date "2023.06.07"]
[WhiteClock "0:01:11"]
[BlackClock "0:01:50"]
[Board "98"]

1. d4 Nf6 2. Bf4 e6 3. e3 b6 4. Qf3 Nc6 5. c4 Bb7 6. Nc3 Rb8 7. Qd1 Bb4 8. a3 Bxc3+ 9. bxc3 d5 10. Nf3 O-O 11. Bd3 dxc4 12. Bxc4 Na5 13. Bd3 Be4 14. Qc2 Bxd3 15. Qxd3 c5 16. O-O c4 17. Qc2 Rc8 18. e4 Nb3 19. Rad1 Qe7 20. Bg5 h6 21. Bh4 g5 22. Nxg5 hxg5 23. Bxg5 Qxa3 24. Bxf6 Qa5 25. e5 Qd5 26. Qe2 Rfd8 27. Qh5 1-0


[Site "https://www.chess.com"]

[Event "Titled Tuesday Blitz June 6 Late 2023"]
[White "Jaskolka, Tomasz"]
[Black "Cagara, Paulina"]
[WhiteFideId "1170791"]
[BlackFideId "1124870"]
[WhiteElo "2155"]
[BlackElo "1967"]
[Result "0-1"]
[Round "5"]
[TimeControl "180+2"]
[Date "2023.06.07"]
[WhiteClock "0:00:14"]
[BlackClock "0:00:54"]
[Board "99"]

1. d4 f5 2. Bg5 h6 3. Bh4 g5 4. Bg3 Nf6 5. e3 Bg7 6. h4 g4 7. Ne2 d6 8. Nf4 O-O 9. Bc4+ Kh7 10. Nc3 Nc6 11. Ne6 Bxe6 12. Bxe6 Nh5 13. Qd3 Nb4 14. Bxf5+ Kh8 15. Qb5 c5 16. dxc5 Rxf5 17. Qxb4 Nxg3 18. fxg3 dxc5 19. Qxg4 Bxc3+ 20. bxc3 Qd7 21. Qe2 Qd6 22. Rd1 Qxg3+ 23. Kd2 Rf2 24. Rde1 Qxg2 25. e4 Rd8+ 26. Ke3 Qg3+ 27. Qf3 Qxf3# 0-1


[Site "https://www.chess.com"]

[Event "Titled Tuesday Blitz June 6 Late 2023"]
[White "Ladan, Nicholas"]
[Black "Ogreberbere"]
[WhiteFideId "30918855"]
[WhiteElo "2167"]
[BlackElo "2193"]
[Result "1-0"]
[Round "5"]
[TimeControl "180+2"]
[Date "2023.06.07"]
[WhiteClock "0:00:09"]
[BlackClock "0:00:01"]
[Board "100"]

1. d4 Nf6 2. Bf4 d5 3. e3 c5 4. Nf3 e6 5. Nbd2 Bd6 6. Bg3 Qc7 7. c3 Nbd7 8. Qa4 O-O 9. Bd3 e5 10. dxe5 Nxe5 11. Nxe5 Bxe5 12. Qh4 b6 13. Nf3 Bd6 14. Rd1 Bb7 15. Ng5 h6 16. Nh3 Rfe8 17. O-O Bxg3 18. hxg3 Rad8 19. Nf4 Ne4 20. Bxe4 dxe4 21. Qh5 Ba6 22. Rfe1 Bd3 23. g4 Re5 24. Qh2 Rg5 25. Nxd3 Qxh2+ 26. Kxh2 exd3 27. f3 c4 28. e4 Ra5 29. a3 Rb5 30. Rd2 Kf8 31. Kg3 g5 32. Kf2 Ke8 33. Ke3 Ke7 34. Rh1 Rh8 35. g3 Kf6 36. f4 Kg6 37. Kd4 Rc5 38. Rdh2 Rd8+ 39. Ke3 d2 40. Rxd2 Rxd2 41. Kxd2 Rb5 42. Rb1 gxf4 43. gxf4 h5 44. gxh5+ Rxh5 45. Ke3 Kf6 46. Kd4 b5 47. a4 a6 48. axb5 axb5 49. Ra1 Rh4 50. Ra6+ Ke7 51. Ke5 Rh2 52. Ra7+ Kf8 53. Kf6 Kg8 54. Ra8+ Kh7 55. Kxf7 Rxb2 56. e5 1-0


[Site "https://www.chess.com"]

[Event "Titled Tuesday Blitz June 6 Late 2023"]
[White "Fieberg, Samuel"]
[Black "Francisco_Ferrari"]
[WhiteFideId "12901717"]
[WhiteElo "2511"]
[BlackElo "2192"]
[Result "1-0"]
[Round "5"]
[TimeControl "180+2"]
[Date "2023.06.07"]
[WhiteClock "0:00:21"]
[BlackClock "0:00:12"]
[Board "101"]

1. e4 e5 2. Nf3 Nc6 3. d4 exd4 4. Nxd4 Nf6 5. Nxc6 bxc6 6. Nd2 d6 7. Bd3 Be7 8. O-O O-O 9. f4 Bb7 10. c3 c5 11. Qc2 h6 12. b3 Re8 13. Bb2 Nd7 14. c4 Bf6 15. Rae1 Bxb2 16. Qxb2 Qf6 17. Qc2 Nb8 18. e5 dxe5 19. fxe5 Qe7 20. e6 fxe6 21. Bh7+ Kh8 22. Qg6 Nc6 23. Rf7 Qg5 24. Qxg5 hxg5 25. Be4 Ne5 26. Rxc7 Bxe4 27. Rxe4 Nd3 28. Nf3 Rad8 29. Nxg5 Rd4 30. Rxe6 Rf8 31. Rf7 Rxf7 32. Nxf7+ Kg8 33. Ng5 Kf8 34. Re3 Nf4 35. g3 Rd1+ 36. Kf2 Rd2+ 37. Kf3 Nd3 38. Ne6+ Kg8 39. Nf4 Rf2+ 40. Kg4 Nxf4 41. gxf4 Rxh2 42. Re8+ Kf7 43. Ra8 Rb2 44. Rxa7+ Kf6 45. Ra6+ Kf7 46. Kf5 g6+ 47. Ke5 Kg7 48. Ra7+ Kh6 49. Kd5 Rf2 50. Kxc5 Rxf4 51. Kb6 g5 52. Rd7 g4 53. c5 g3 54. Rd3 g2 55. Rg3 Rf2 56. a4 Rb2 57. Kc7 Rxb3 58. Rxg2 Rb4 59. Ra2 Rc4 60. c6 Kg5 61. a5 Kf6 62. a6 Ke6 63. a7 Kd5 64. Ra5+ Ke6 65. a8=Q Rc5 66. Qe8+ Kf6 67. Qf8+ Kg6 68. Qxc5 Kh6 69. Kd7 Kg6 70. c7 Kf6 71. c8=Q Kg6 72. Q8c6+ Kg7 73. Qe7+ Kg8 74. Ra8# 1-0


[Site "https://www.chess.com"]

[Event "Titled Tuesday Blitz June 6 Late 2023"]
[White "Kornyukov, Alexey"]
[Black "Jimenez Almeida, Luis David"]
[WhiteFideId "4150457"]
[BlackFideId "22242244"]
[WhiteElo "2352"]
[BlackElo "2245"]
[Result "0-1"]
[Round "5"]
[TimeControl "180+2"]
[Date "2023.06.07"]
[WhiteClock "0:00:03"]
[BlackClock "0:00:37"]
[Board "102"]

1. d4 g6 2. c4 Bg7 3. Nc3 c5 4. d5 Bxc3+ 5. bxc3 Qa5 6. Qc2 f5 7. e4 fxe4 8. f3 Nf6 9. fxe4 Nxe4 10. Bd3 Nf6 11. Nf3 d6 12. O-O Nbd7 13. Bf4 Nh5 14. Bh6 Ndf6 15. Rae1 Bd7 16. Bxg6+ hxg6 17. Qxg6+ Kd8 18. Bg5 Qxc3 19. Qf7 Re8 20. Re3 Qxc4 21. Rfe1 Qxd5 22. Qg6 Rg8 23. Qh6 Kc7 24. Rxe7 Rae8 25. Bxf6 Qxf3 0-1


[Site "https://www.chess.com"]